cohdb
Replays
Latest Replays
All Replays
Popular Replays
Top Player Replays
Match Explorer
How It Works
Community
CoH3 Stats
Reddit
Sign in to upload your games and track your stats! →
Sign in with Steam
Match 46345485
Unlisted
Match 46345485
Overview
Messages
Build Orders
End
Kradschützen Motorcycle Team
Panzergrenadier Squad
Panzergrenadier Squad
250 Light Carrier
Construct Light Support Kompanie
Fire Support Elements
Veteran Squad Leaders
le.IG 18 Mechanized Group
Combat Half-tracks
Selects Battlefield Espionage Battlegroup
Flakvierling Half-track
Selects Intel Disruption Beacon
Selects Plunder
MG34 Team
Flakvierling Half-track
Pak 38 Mechanized Group
Selects 250/3 Funkpanzerwagen
Panzergrenadier Squad
Construct Panzerarmee Kommand
Pak 38 Anti-tank Gun Team
Panzerpioneer Squad
Panzerpioneer Squad
Selects Anti-Tank Incendiary Munitions
Selects Firestorm
Epinephrine
Khelben
Stormless
Grunka Lunka
0
0
Comments
sign in to comment!
No comments posted yet!